| TOP OF THE 1ST |
|
Buffalo Bisons batting - Pitching for Richmond Braves : RHP Mike Allen
|
|
Pitching: RHP Mike Allen
|
|
|
Batting: RHB Carlos Matamoros
|
0-0: Called Strike 0-1: Ball 1-1: Ball 2-1: Foul Ball, location: 2F 2-2: Strikes out swinging
|
|
Batting: LHB Phillip Baskerville
|
0-0: Called Strike 0-1: Foul Ball, location: 2F 0-2: Foul Ball, location: 2F 0-2: Foul Ball, location: 2F 0-2: Ground out 5-3 (Groundball, 56, EV 81.3 MPH)
|
|
Batting: SHB George D Wright
|
0-0: Called Strike 0-1: Ball 1-1: Called Strike 1-2: Foul Ball, location: 2F 1-2: Ball 2-2: DOUBLE (Line Drive, 78M, EV 93.1 MPH)
|
|
Batting: LHB Gary Rajsich
|
0-0: Called Strike 0-1: Ball 1-1: Ball 2-1: Ground out 4-3 (Groundball, 4M, EV 81.3 MPH)
|
| Top of the 1st over - 0 runs, 1 hit, 0 errors, 1 left on base; Buffalo 0 - Richmond 0 |
| BOTTOM OF THE 1ST |
|
Richmond Braves batting - Pitching for Buffalo Bisons : RHP Bill Landrum
|
|
Pitching: RHP Bill Landrum
|
|
|
Batting: RHB Dave Stegman
|
0-0: Swinging Strike 0-1: Ball 1-1: Swinging Strike 1-2: Strikes out swinging
|
|
Batting: RHB Mike Fuentes
|
0-0: Ball 1-0: Fly out, F9 (Flyball, 9, EV 80.6 MPH)
|
|
Batting: SHB Howard Johnson
|
0-0: Fly out, F6 (Popup, 6MD, EV 42.5 MPH)
|
| Bottom of the 1st over - 0 runs, 0 hits, 0 errors, 0 left on base; Buffalo 0 - Richmond 0 |
| TOP OF THE 2ND |
|
Buffalo Bisons batting - Pitching for Richmond Braves : RHP Mike Allen
|
|
Batting: RHB Bill Bathe
|
0-0: Called Strike 0-1: SOLO HOME RUN (Flyball, 78XD, EV 91.9 MPH), Distance : 407 ft
|
|
Batting: RHB John Seefried
|
0-0: Swinging Strike 0-1: Foul Ball, location: 2F 0-2: Ball 1-2: Strikes out swinging
|
|
Batting: LHB Bob Skube
|
0-0: Foul Ball, location: 2F 0-1: Ball 1-1: Swinging Strike 1-2: Ground out 4-3 (Groundball, 4M, EV 100.0 MPH)
|
|
Batting: RHB Pat Keedy
|
0-0: Called Strike 0-1: Fly out, F6 (Flyball, 56D, EV 85.0 MPH)
|
| Top of the 2nd over - 1 run, 1 hit, 0 errors, 0 left on base; Buffalo 1 - Richmond 0 |
| BOTTOM OF THE 2ND |
|
Richmond Braves batting - Pitching for Buffalo Bisons : RHP Bill Landrum
|
|
Batting: LHB Chris Evans
|
0-0: Ball 1-0: Called Strike 1-1: Ground out 6-3 (Groundball, 6M, EV 91.3 MPH)
|
|
Batting: RHB John Freitas
|
0-0: Ball 1-0: Foul Ball, location: 2F 1-1: SOLO HOME RUN (Line Drive, 7LD, EV 104.4 MPH), Distance : 346 ft
|
|
Batting: LHB Matt Winters
|
0-0: Swinging Strike 0-1: Swinging Strike 0-2: Strikes out swinging
|
|
Batting: RHB Craig Kusick
|
0-0: Ground out 5-3 (Groundball, 56S, EV 81.9 MPH)
|
| Bottom of the 2nd over - 1 run, 1 hit, 0 errors, 0 left on base; Buffalo 1 - Richmond 1 |
| TOP OF THE 3RD |
|
Buffalo Bisons batting - Pitching for Richmond Braves : RHP Mike Allen
|
|
Batting: RHB Nicholas Kintz
|
0-0: Fly out, F6 (Flyball, 6D, EV 82.5 MPH)
|
|
Batting: RHB Carlos Matamoros
|
0-0: Fly out, F8 (Flyball, 8LS, EV 94.4 MPH)
|
|
Batting: LHB Phillip Baskerville
|
0-0: Ball 1-0: Called Strike 1-1: Called Strike 1-2: Ball 2-2: Ball 3-2: Foul Ball, location: 2F 3-2: Ground out 6-3 (Groundball, 4M, EV 105.0 MPH)
|
| Top of the 3rd over - 0 runs, 0 hits, 0 errors, 0 left on base; Buffalo 1 - Richmond 1 |
| BOTTOM OF THE 3RD |
|
Richmond Braves batting - Pitching for Buffalo Bisons : RHP Bill Landrum
|
|
Batting: SHB Julio Cruz
|
0-0: Bunt missed! 0-1: Ball 1-1: Ball 2-1: Ball 3-1: Foul Ball, location: 2F 3-2: Ground out 6-3 (Groundball, 6S, EV 81.3 MPH)
|
|
Batting: RHB Marc Sullivan
|
0-0: Foul Ball, location: 2F 0-1: Swinging Strike 0-2: Strikes out swinging
|
|
Batting: RHB Dave Stegman
|
0-0: Ball 1-0: Called Strike 1-1: Fly out, F8 (Flyball, 89D, EV 91.3 MPH)
|
| Bottom of the 3rd over - 0 runs, 0 hits, 0 errors, 0 left on base; Buffalo 1 - Richmond 1 |
| TOP OF THE 4TH |
|
Buffalo Bisons batting - Pitching for Richmond Braves : RHP Mike Allen
|
|
Batting: SHB George D Wright
|
0-0: Called Strike 0-1: Ball 1-1: Fly out, F7 (Flyball, 7S, EV 95.6 MPH)
|
|
Batting: LHB Gary Rajsich
|
0-0: Ball 1-0: Ground out 6-3 (Groundball, 6M, EV 107.5 MPH)
|
|
Batting: RHB Bill Bathe
|
0-0: Ball 1-0: Called Strike 1-1: Ball 2-1: Ball 3-1: Foul Ball, location: 2F 3-2: DOUBLE (Line Drive, 7LM, EV 105.6 MPH)
|
|
Batting: RHB John Seefried
|
0-0: Ball 1-0: Swinging Strike 1-1: Ball 2-1: Fly out, F9 (Flyball, 9LM, EV 83.1 MPH)
|
| Top of the 4th over - 0 runs, 1 hit, 0 errors, 1 left on base; Buffalo 1 - Richmond 1 |
| BOTTOM OF THE 4TH |
|
Richmond Braves batting - Pitching for Buffalo Bisons : RHP Bill Landrum
|
|
Batting: RHB Mike Fuentes
|
0-0: Called Strike 0-1: Ball 1-1: Ball 2-1: Fly out, F8 (Flyball, 89D, EV 103.1 MPH)
|
|
Batting: SHB Howard Johnson
|
0-0: Reached on error, E5 (Groundball, 56S, EV 78.8 MPH)
|
|
Batting: LHB Chris Evans
|
0-0: Called Strike 0-1: Foul Ball, location: 2F 0-2: Ball 1-2: Ball 2-2: SINGLE (Line Drive, 89S, EV 88.1 MPH) Howard Johnson to second Runner from 2nd tries for 3rd, SAFE, no throw by RF
|
|
Batting: RHB John Freitas
|
0-0: Called Strike 0-1: Ball 1-1: Ball 2-1: Ball 3-1: Base on Balls Chris Evans to second
|
|
Batting: LHB Matt Winters
|
0-0: Foul Ball, location: 2F 0-1: Ball 1-1: Ball 2-1: Called Strike 2-2: Ball 3-2: Strikes out swinging
|
|
Batting: RHB Craig Kusick
|
0-0: Ball 1-0: Swinging Strike 1-1: Foul Ball, location: 2F 1-2: Ball 2-2: Foul Ball, location: 2F 2-2: Ball 3-2: Ground out 6-3 (Groundball, 6, EV 104.4 MPH)
|
| Bottom of the 4th over - 0 runs, 1 hit, 1 error, 3 left on base; Buffalo 1 - Richmond 1 |
| TOP OF THE 5TH |
|
Buffalo Bisons batting - Pitching for Richmond Braves : RHP Mike Allen
|
|
Batting: LHB Bob Skube
|
0-0: Called Strike 0-1: SINGLE (Flyball, 89M, EV 88.8 MPH)
|
|
Batting: RHB Pat Keedy
|
0-0: Ball 1-0: Called Strike 1-1: Foul Ball, location: 2F 1-2: Strikes out swinging
|
|
Batting: RHB Nicholas Kintz
|
0-0: Called Strike 0-1: Fielders Choice at 2nd, 1-6 (Groundball, 34S, EV 71.3 MPH)
|
|
Batting: RHB Carlos Matamoros
|
0-0: Called Strike 0-1: Ball 1-1: Called Strike 1-2: Foul Ball, location: 2F 1-2: Foul Ball, location: 2F 1-2: Ball 2-2: Ground out 5-3 (Groundball, 5S, EV 88.8 MPH)
|
| Top of the 5th over - 0 runs, 1 hit, 0 errors, 1 left on base; Buffalo 1 - Richmond 1 |
| BOTTOM OF THE 5TH |
|
Richmond Braves batting - Pitching for Buffalo Bisons : RHP Bill Landrum
|
|
Batting: SHB Julio Cruz
|
0-0: Foul Ball, location: 2F 0-1: Ball 1-1: SINGLE (Line Drive, 5D, EV 94.4 MPH)
|
|
Batting: RHB Marc Sullivan
|
0-0: Bunt missed! 0-1: Sac Bunt to 23 - play at first, batter OUT! 3-4 Julio Cruz to second
|
|
Batting: RHB Dave Stegman
|
0-0: Called Strike 0-1: Ball 1-1: Swinging Strike 1-2: Strikes out swinging
|
|
Batting: RHB Mike Fuentes
|
0-0: Ball 1-0: Called Strike 1-1: DOUBLE (Groundball, 3L, EV 102.5 MPH) Julio Cruz scores
|
|
Batting: SHB Howard Johnson
|
0-0: Ball 1-0: Foul Ball, location: 2F 1-1: Ball 2-1: Ball 3-1: Base on Balls
|
|
Batting: LHB Chris Evans
|
0-0: Fly out, F8 (Flyball, 8LM, EV 94.4 MPH)
|
| Bottom of the 5th over - 1 run, 2 hits, 0 errors, 2 left on base; Buffalo 1 - Richmond 2 |
| TOP OF THE 6TH |
|
Buffalo Bisons batting - Pitching for Richmond Braves : RHP Mike Allen
|
|
Batting: LHB Phillip Baskerville
|
0-0: Called Strike 0-1: Ball 1-1: Ball 2-1: Ball 3-1: Fly out, F7 (Flyball, 7S, EV 97.5 MPH)
|
|
Batting: SHB George D Wright
|
0-0: Foul Ball, location: 2F 0-1: Foul Ball, location: 2F 0-2: Ball 1-2: Ball 2-2: Ball 3-2: Foul Ball, location: 2F 3-2: DOUBLE (Groundball, 3L, EV 106.3 MPH)
|
|
Batting: LHB Gary Rajsich
|
0-0: Fly out, F7 (Line Drive, 7, EV 106.3 MPH)
|
|
Batting: RHB Bill Bathe
|
0-0: Called Strike 0-1: Ball 1-1: Called Strike 1-2: SINGLE (Flyball, 78S, EV 90.0 MPH) George D Wright to third Runner from 3rd tries for Home, SAFE, throw by LF to home
|
|
Batting: RHB John Seefried
|
0-0: Ball 1-0: Called Strike 1-1: Called Strike 1-2: Ball 2-2: Foul Ball, location: 2F 2-2: 2-RUN HOME RUN (Flyball, 7LD, EV 96.3 MPH), Distance : 354 ft
|
|
Batting: LHB Bob Skube
|
0-0: Fly out, F8 (Flyball, 89XD, EV 88.1 MPH)
|
| Top of the 6th over - 3 runs, 3 hits, 0 errors, 0 left on base; Buffalo 4 - Richmond 2 |
| BOTTOM OF THE 6TH |
|
Richmond Braves batting - Pitching for Buffalo Bisons : RHP Bill Landrum
|
|
Batting: RHB John Freitas
|
0-0: Ball 1-0: Fly out, F8 (Flyball, 78XD, EV 102.5 MPH)
|
|
Batting: LHB Matt Winters
|
0-0: Foul Ball, location: 2F 0-1: Called Strike 0-2: Ball 1-2: Ground out 6-3 (Groundball, 6, EV 92.5 MPH)
|
|
Batting: RHB Craig Kusick
|
0-0: Called Strike 0-1: Foul Ball, location: 2F 0-2: Ball 1-2: Strikes out swinging
|
| Bottom of the 6th over - 0 runs, 0 hits, 0 errors, 0 left on base; Buffalo 4 - Richmond 2 |
| TOP OF THE 7TH |
|
Buffalo Bisons batting - Pitching for Richmond Braves : RHP Mike Allen
|
|
Batting: RHB Pat Keedy
|
0-0: Called Strike 0-1: Fly out, F3 (Popup, 3L, EV 75.6 MPH)
|
|
Batting: RHB Nicholas Kintz
|
0-0: Ball 1-0: Ground out 5-3 (Groundball, 56, EV 84.4 MPH)
|
|
Batting: RHB Carlos Matamoros
|
0-0: Called Strike 0-1: Foul Ball, location: 2F 0-2: Ground out 4-3 (Groundball, 4, EV 80.0 MPH)
|
| Top of the 7th over - 0 runs, 0 hits, 0 errors, 0 left on base; Buffalo 4 - Richmond 2 |
| BOTTOM OF THE 7TH |
|
Richmond Braves batting - Pitching for Buffalo Bisons : RHP Bill Landrum
|
|
Batting: SHB Julio Cruz
|
0-0: Fly out, F8 (Flyball, 8RD, EV 106.9 MPH)
|
|
Batting: RHB Marc Sullivan
|
0-0: Ball 1-0: Called Strike 1-1: Fly out, F8 (Flyball, 78M, EV 81.9 MPH)
|
|
Batting: RHB Dave Stegman
|
0-0: Called Strike 0-1: Called Strike 0-2: Foul Ball, location: 2F 0-2: Ball 1-2: Strikes out swinging
|
| Bottom of the 7th over - 0 runs, 0 hits, 0 errors, 0 left on base; Buffalo 4 - Richmond 2 |
| TOP OF THE 8TH |
|
Buffalo Bisons batting - Pitching for Richmond Braves : RHP Mike Allen
|
|
Batting: LHB Phillip Baskerville
|
0-0: Ball 1-0: Called Strike 1-1: Fly out, F9 (Flyball, 89S, EV 71.3 MPH)
|
|
Batting: SHB George D Wright
|
0-0: Swinging Strike 0-1: Ball 1-1: Ball 2-1: Swinging Strike 2-2: Foul Ball, location: 2F 2-2: Foul Ball, location: 2F 2-2: Ball 3-2: Foul Ball, location: 2F 3-2: DOUBLE (Line Drive, 78D, EV 106.9 MPH)
|
|
Batting: LHB Gary Rajsich
|
0-0: Intentional Walk
|
|
Batting: RHB Bill Bathe
|
0-0: Ball 1-0: Foul Ball, location: 2F 1-1: Fly out, F7 (Flyball, 7D, EV 78.8 MPH)
|
|
Batting: RHB John Seefried
|
0-0: Ball 1-0: Ball 2-0: Called Strike 2-1: Swinging Strike 2-2: Strikes out looking
|
| Top of the 8th over - 0 runs, 1 hit, 0 errors, 2 left on base; Buffalo 4 - Richmond 2 |
| BOTTOM OF THE 8TH |
|
Richmond Braves batting - Pitching for Buffalo Bisons : RHP Bill Landrum
|
|
Batting: RHB Mike Fuentes
|
0-0: Ball 1-0: Foul Ball, location: 2F 1-1: Swinging Strike 1-2: Ball 2-2: Ball 3-2: Base on Balls
|
|
Batting: SHB Howard Johnson
|
0-0: Called Strike 0-1: Fly out, F7 (Flyball, 78XD, EV 101.9 MPH)
|
|
Batting: LHB Chris Evans
|
0-0: Ball 1-0: Foul Ball, location: 2F 1-1: Ball 2-1: Foul Ball, location: 2F 2-2: Fly out, F9 (Flyball, 8RS, EV 96.9 MPH)
|
|
Batting: RHB John Freitas
|
0-0: Ball 1-0: Ball 2-0: Ground out 5-3 (Groundball, 56S, EV 67.5 MPH)
|
| Bottom of the 8th over - 0 runs, 0 hits, 0 errors, 1 left on base; Buffalo 4 - Richmond 2 |
| TOP OF THE 9TH |
|
Buffalo Bisons batting - Pitching for Richmond Braves : RHP Mike Allen
|
|
Batting: LHB Bob Skube
|
0-0: Swinging Strike 0-1: Foul Ball, location: 2F 0-2: Ball 1-2: Ground out 4-3 (Groundball, 4, EV 86.3 MPH)
|
|
Batting: RHB Pat Keedy
|
0-0: Called Strike 0-1: SINGLE (Groundball, 6MD, EV 106.9 MPH)
|
|
Batting: RHB Nicholas Kintz
|
0-0: Ball 1-0: Ball 2-0: Called Strike 2-1: Called Strike Pat Keedy steals 2nd base 2-2: Foul Ball, location: 2F 2-2: Ball 3-2: Foul Ball, location: 2F 3-2: Strikes out swinging
|
|
Batting: RHB Carlos Matamoros
|
0-0: Called Strike 0-1: Ground out 6-3 (Groundball, 6, EV 90.0 MPH)
|
| Top of the 9th over - 0 runs, 1 hit, 0 errors, 1 left on base; Buffalo 4 - Richmond 2 |
| BOTTOM OF THE 9TH |
|
Richmond Braves batting - Pitching for Buffalo Bisons : RHP Bill Landrum
|
|
Pitching: RHP John Stuper
|
|
|
Batting: LHB Matt Winters
|
0-0: Ball 1-0: Ball 2-0: Ball 3-0: Base on Balls
|
|
Batting: RHB Craig Kusick
|
0-0: Foul Ball, location: 2F 0-1: Swinging Strike 0-2: Ball 1-2: Ball 2-2: Foul Ball, location: 2F 2-2: SINGLE (Groundball, 56, EV 93.8 MPH) Matt Winters to second
|
|
Batting: SHB Julio Cruz
|
0-0: Bunt missed! 0-1: Bunt missed! 0-2: Ball 1-2: Strikes out swinging
|
|
Pinch Hitting: LHB Dan Rohn
|
0-0: Called Strike 0-1: SINGLE (Line Drive, 8RS, EV 100.0 MPH) Matt Winters to third Craig Kusick to second
|
|
Batting: RHB Dave Stegman
|
0-0: DOUBLE (Line Drive, 89D, EV 115.0 MPH) Matt Winters scores Craig Kusick scores Dan Rohn to third Runner from 3rd tries for Home, SAFE, throw by CF to home
|
| Bottom of the 9th over - 3 runs, 3 hits, 0 errors, 0 left on base; Buffalo 4 - Richmond 5 |
|